[Event "Titled Tuesday Blitz August 22 Late 2023"]
[White "OptimusPrimeBR"]
[Black "Polaczek, Richard"]
[BlackFideId "200026"]
[WhiteElo "2035"]
[BlackElo "2388"]
[Result "0-1"]
[Round "5"]
[TimeControl "180+1"]
[Date "2023.08.22"]
[WhiteClock "0:00:08"]
[BlackClock "0:00:20"]
[Board "176"]

1. e4 Nf6 2. Nc3 d5 3. exd5 Nxd5 4. Nf3 Nxc3 5. bxc3 g6 6. Bc4 Bg7 7. O-O O-O 8. d4 c5 9. Be3 Qc7 10. Bd3 Nd7 11. Qd2 b6 12. Bh6 Bb7 13. Bxg7 Kxg7 14. Qe3 Rfe8 15. Rfe1 e6 16. h4 Nf6 17. Ne5 Rad8 18. g4 Nd7 19. h5 Nxe5 20. h6+ Kg8 21. dxe5 Qc6 22. Be4 Qxe4 23. Qxe4 Bxe4 24. Rxe4 Rd2 25. Ra4 Rxc2 26. Rxa7 Rxc3 27. Rb1 Rc4 28. Rxb6 Rxg4+ 29. Kf1 Rh4 30. Rc6 Rxh6 31. Rxc5 Rh5 32. a4 Rd8 33. a5 Rf5 34. Ke2 Rd4 35. f3 Ra4 36. a6 g5 37. Ra8+ Kg7 38. a7 h5 39. Rc7 Rxe5+ 40. Kd3 Rea5 41. Rcc8 Rxa7 42. Rg8+ Kf6 43. Raf8 Ra3+ 44. Ke2 h4 45. Rh8 Rb7 46. Rd8 Rb2+ 47. Rd2 Rxd2+ 48. Kxd2 Rxf3 49. Ke2 Rf4 50. Ke3 e5 51. Rh7 Kg6 52. Rh8 f6 53. Re8 Kf5 54. Rh8 Re4+ 55. Kf3 Rb4 56. Rh6 Rb3+ 57. Kf2 e4 58. Rh8 Ke5 59. Re8+ Kf4 60. Rf8 Rb2+ 61. Kf1 f5 62. Rc8 h3 63. Rh8 g4 64. Rc8 Kf3 65. Ke1 e3 66. Kd1 h2 67. Rh8 Rg2 68. Ke1 g3 69. Kd1 f4 70. Kc1 Ra2 71. Kb1 Rd2 72. Rh4 g2 73. Rh3+ Kg4 74. Rxh2 g1=R# 0-1


[Site "https://www.chess.com"]

[Event "Titled Tuesday Blitz August 22 Late 2023"]
[White "Hague, Ben"]
[Black "Djordjevic, Dejan N"]
[WhiteFideId "405647"]
[BlackFideId "913316"]
[WhiteElo "2383"]
[BlackElo "2030"]
[Result "1-0"]
[Round "5"]
[TimeControl "180+1"]
[Date "2023.08.22"]
[WhiteClock "0:00:40"]
[BlackClock "0:00:30"]
[Board "177"]

1. e4 c5 2. Nf3 Nc6 3. d4 cxd4 4. Nxd4 Nf6 5. Nc3 Qb6 6. Nb3 e6 7. Be3 Qc7 8. Be2 a6 9. O-O b5 10. a3 Be7 11. f4 d6 12. Kh1 O-O 13. g4 b4 14. axb4 Nxb4 15. g5 Nd7 16. Bf3 Rb8 17. Qd2 Nb6 18. Qg2 Nc4 19. Bc1 Bb7 20. Ra4 Bc6 21. Ra1 Ba8 22. Nd4 Qc5 23. Nb3 Qb6 24. f5 Ne5 25. f6 Bd8 26. fxg7 Kxg7 27. Qh3 Nxc2 28. Qh6+ Kg8 29. Ne2 Nxf3 30. Ng3 Qxb3 31. Nh5 Bxe4 32. Qg7# 1-0


[Site "https://www.chess.com"]

[Event "Titled Tuesday Blitz August 22 Late 2023"]
[White "Mr_November18"]
[Black "petr577"]
[WhiteElo "1969"]
[BlackElo "2379"]
[Result "0-1"]
[Round "5"]
[TimeControl "180+1"]
[Date "2023.08.22"]
[WhiteClock "0:00:23"]
[BlackClock "0:00:12"]
[Board "178"]

1. e4 c5 2. d4 cxd4 3. c3 d5 4. exd5 Qxd5 5. cxd4 Nc6 6. Nf3 Bg4 7. Be2 g6 8. h3 Bxf3 9. Bxf3 Qd7 10. Be3 Bg7 11. d5 Ne5 12. Be2 Nf6 13. Nc3 Rc8 14. Bb5 Nc6 15. dxc6 bxc6 16. Qxd7+ Nxd7 17. Ba4 O-O 18. O-O Ne5 19. Rad1 Nc4 20. Bc1 e6 21. Bb3 Na5 22. Be3 a6 23. Ba4 Nc4 24. Bc5 Rfe8 25. Rd7 Nxb2 26. Bd4 e5 27. Bc5 e4 28. Bd4 Bxd4 29. Rxd4 f5 30. Bb3+ Kg7 31. Rd7+ Kh6 32. Rb1 Nd3 33. Bc2 Nc5 34. Ra7 Red8 35. Na4 Nd3 36. Rbb7 c5 37. Rxh7+ Kg5 38. g3 c4 39. h4+ Kg4 40. Kh2 Nxf2 41. Kg2 Rd2 42. Kf1 Nd3 43. Bxd3 cxd3 44. Rag7 Rc1# 0-1


[Site "https://www.chess.com"]

[Event "Titled Tuesday Blitz August 22 Late 2023"]
[White "Delorme, Axel"]
[Black "cthake"]
[WhiteFideId "632023"]
[WhiteElo "2373"]
[BlackElo "1843"]
[Result "1-0"]
[Round "5"]
[TimeControl "180+1"]
[Date "2023.08.22"]
[WhiteClock "0:02:28"]
[BlackClock "0:00:17"]
[Board "179"]

1. d4 e6 2. e4 d5 3. Nc3 Bb4 4. Ne2 dxe4 5. a3 Be7 6. Nxe4 Nf6 7. N2c3 O-O 8. Be3 Nxe4 9. Nxe4 b6 10. Qf3 c6 11. O-O-O Bb7 12. Bd3 Nd7 13. h4 Nf6 14. Kb1 Nd5 15. Ng5 Nf6 16. Bf4 Qd7 17. Be5 c5 18. Qe2 cxd4 19. Bxf6 Bxf6 20. Bxh7+ Kh8 21. Qh5 g6 22. Bxg6+ 1-0


[Site "https://www.chess.com"]

[Event "Titled Tuesday Blitz August 22 Late 2023"]
[White "Figorito, Nick"]
[Black "Burke, Paul"]
[WhiteFideId "30923689"]
[BlackFideId "2605767"]
[WhiteElo "2343"]
[BlackElo "1856"]
[Result "1-0"]
[Round "5"]
[TimeControl "180+1"]
[Date "2023.08.22"]
[WhiteClock "0:01:20"]
[BlackClock "0:00:34"]
[Board "180"]

1. Nf3 a6 2. g3 d6 3. Bg2 g6 4. O-O Nd7 5. c4 Bg7 6. Nc3 h6 7. d3 e5 8. Rb1 Ne7 9. b4 O-O 10. a3 f5 11. Bb2 Kh7 12. e3 Nf6 13. Ne1 Bd7 14. Bxb7 Rb8 15. Bg2 Bc6 16. Ba1 Bxg2 17. Nxg2 c6 18. a4 Qb6 19. b5 a5 20. bxc6 Qxc6 21. Rb5 e4 22. Nf4 exd3 23. Ne6 Bh8 24. Nxf8+ Rxf8 25. Qxd3 Ng4 26. Nd5 Nxd5 27. Qxd5 Qxd5 28. cxd5 Bxa1 29. Rxa1 Ra8 30. Rc1 g5 31. Rc6 Ne5 32. Rxd6 1-0


[Site "https://www.chess.com"]

[Event "Titled Tuesday Blitz August 22 Late 2023"]
[White "Saucey, Michel"]
[Black "Acikel, Mert"]
[WhiteFideId "601845"]
[BlackFideId "12956465"]
[WhiteElo "2261"]
[BlackElo "2312"]
[Result "1/2-1/2"]
[Round "5"]
[TimeControl "180+1"]
[Date "2023.08.22"]
[WhiteClock "0:00:46"]
[BlackClock "0:00:20"]
[Board "181"]

1. d4 d5 2. c4 e6 3. Nc3 c5 4. cxd5 exd5 5. Nf3 Nc6 6. g3 Nf6 7. Bg2 Be7 8. O-O O-O 9. dxc5 Bxc5 10. a3 a5 11. Bf4 Be6 12. Rc1 Qe7 13. Nb5 Rac8 14. Nfd4 Nxd4 15. Nxd4 Ne4 16. Qd3 h6 17. Bxe4 dxe4 18. Qxe4 Bh3 19. Qxe7 Bxe7 20. Rfd1 Bf6 21. Be3 Rfd8 22. Rxc8 Rxc8 23. f3 Bd7 24. Kf2 Kf8 25. g4 Ba4 26. Rd2 Rc1 27. f4 Rh1 28. g5 hxg5 29. fxg5 Be5 30. Nf3 Bc7 31. Kg2 Rb1 32. Bd4 Bc6 33. Bc3 Re1 34. Kf2 Rh1 35. Kg2 Re1 36. Kf2 Rh1 37. Kg2 Re1 1/2-1/2


[Site "https://www.chess.com"]

[Event "Titled Tuesday Blitz August 22 Late 2023"]
[White "Oliveira, Tiago Batista"]
[Black "Cruz, William Ferreira Da"]
[WhiteFideId "2108291"]
[BlackFideId "2118050"]
[WhiteElo "2141"]
[BlackElo "2299"]
[Result "0-1"]
[Round "5"]
[TimeControl "180+1"]
[Date "2023.08.22"]
[WhiteClock "0:00:14"]
[BlackClock "0:02:06"]
[Board "182"]

1. d4 Nf6 2. c4 g6 3. Nc3 Bg7 4. e4 O-O 5. Nf3 d6 6. Be2 e5 7. Be3 Ng4 8. Bg5 Qe8 9. dxe5 Nxe5 10. O-O h6 11. Be3 Nbc6 12. Rc1 Bg4 13. Nd5 Bxf3 14. Bxf3 Nxf3+ 15. Qxf3 Ne5 16. Nf6+ Kh8 17. Nxe8 Nxf3+ 18. gxf3 Rfxe8 19. b4 f5 20. c5 fxe4 21. fxe4 Rxe4 22. cxd6 cxd6 23. Rfd1 Be5 24. Rc7 Rxb4 25. f4 Bxf4 26. Bd4+ Rxd4 0-1


[Site "https://www.chess.com"]

[Event "Titled Tuesday Blitz August 22 Late 2023"]
[White "Gerbelli Neto, Eduardo"]
[Black "laskakid"]
[WhiteFideId "2103281"]
[WhiteElo "2298"]
[BlackElo "2130"]
[Result "1-0"]
[Round "5"]
[TimeControl "180+1"]
[Date "2023.08.22"]
[WhiteClock "0:00:13"]
[BlackClock "0:00:02"]
[Board "183"]

1. e4 e5 2. Nf3 Nc6 3. d4 exd4 4. Bc4 Nf6 5. O-O Nxe4 6. Re1 d5 7. Bxd5 Qxd5 8. Nc3 Qd7 9. Rxe4+ Be7 10. Nxd4 f5 11. Rf4 O-O 12. Nxc6 Qxc6 13. Nd5 Bd6 14. Rd4 Be6 15. Bf4 Bxd5 16. Bxd6 Bxg2 17. Bxf8 Bf3 18. Qd3 Qg6+ 19. Kf1 Qg2+ 20. Ke1 Re8+ 21. Kd2 Qxf2+ 22. Kc3 Re3 23. Bc5 Rxd3+ 24. cxd3 Qxh2 25. Rg1 Qe5 26. Kc4 b5+ 27. Kxb5 c6+ 28. Kb4 a5+ 29. Kc4 Bd5+ 30. Kc3 Be6 31. b4 axb4+ 32. Kxb4 Bd5 33. a4 f4 34. a5 Qb8+ 35. Bb6 f3 36. Rdg4 Qd6+ 37. Kc3 g6 38. Re1 Qf6+ 39. Kd2 f2 40. Rf1 Qf3 41. Rb4 c5 42. Bxc5 Qg2 43. Rxf2 Qg5+ 44. Be3 Qg4 45. Rxg4 Kg7 46. Rd4 Bf7 47. Rd7 1-0


[Site "https://www.chess.com"]

[Event "Titled Tuesday Blitz August 22 Late 2023"]
[White "Navyblue1"]
[Black "Shapiro, Daniel"]
[BlackFideId "2001780"]
[WhiteElo "2024"]
[BlackElo "2286"]
[Result "1-0"]
[Round "5"]
[TimeControl "180+1"]
[Date "2023.08.22"]
[WhiteClock "0:00:09"]
[BlackClock "0:00:00"]
[Board "184"]

1. d4 Nf6 2. c4 e6 3. Nc3 Bb4 4. Nf3 d5 5. Qa4+ Nc6 6. e3 O-O 7. Be2 a6 8. Qc2 b6 9. O-O Bb7 10. cxd5 exd5 11. Bd2 Bd6 12. h3 Qe7 13. a3 Nd8 14. Ng5 h6 15. Nf3 Ne4 16. Nxe4 dxe4 17. Ne1 Bc8 18. Bc3 Qh4 19. Bb4 f5 20. Bxd6 cxd6 21. Kh2 d5 22. g3 Qg5 23. Ng2 Qe7 24. Qb3 Be6 25. Nf4 Qf7 26. Nxe6 Qxe6 27. Rac1 g5 28. Rc2 Nf7 29. Rfc1 f4 30. Rc6 Qe7 31. Qxd5 Kg7 32. exf4 gxf4 33. gxf4 Rg8 34. Rg1+ Kh8 35. Rxg8+ Rxg8 36. Bg4 Qh4 37. Qxe4 Qxf2+ 38. Qg2 Qxf4+ 39. Qg3 Qxd4 40. Rc2 Qe5 41. Qxe5+ Nxe5 42. Re2 Nxg4+ 43. hxg4 Rxg4 44. Re6 Kg7 45. Rxb6 a5 46. Rb7+ Kg6 47. Kh3 Rd4 48. Rb6+ Kg5 49. Rb5+ Kg6 50. Rxa5 Rd2 51. Rb5 Kf6 52. Rb6+ Kg5 53. Rb5+ Kg6 54. a4 Rd3+ 55. Kg2 Rd2+ 56. Kf3 h5 57. a5 Rd7 58. a6 1-0


[Site "https://www.chess.com"]

[Event "Titled Tuesday Blitz August 22 Late 2023"]
[White "Arias Igual, Alejandro"]
[Black "Bibasa, Bob"]
[WhiteFideId "2254905"]
[BlackFideId "10000240"]
[WhiteElo "2267"]
[BlackElo "2474"]
[Result "0-1"]
[Round "5"]
[TimeControl "180+1"]
[Date "2023.08.22"]
[WhiteClock "0:01:02"]
[BlackClock "0:01:28"]
[Board "185"]

1. e4 e6 2. d4 d5 3. Bd3 dxe4 4. Bxe4 Nf6 5. Bf3 Bd6 6. Nc3 O-O 7. Nge2 c6 8. Bg5 Nbd7 9. Qd3 Qa5 10. Bxf6 Nxf6 11. O-O-O Nd5 12. Nxd5 cxd5 13. Kb1 Bd7 14. Nc1 Rac8 15. c3 b5 16. b4 Qa3 17. Nb3 Rc7 18. Rhe1 Ra8 19. Rc1 a5 20. Nxa5 Bxb4 21. cxb4 Qxd3+ 22. Kb2 Qxd4+ 23. Ka3 Rc3+ 24. Kb2 Qxb4+ 25. Nb3 Rxa2+ 26. Kxa2 Qxb3+ 27. Ka1 Qa3+ 28. Kb1 Rb3+ 29. Kc2 Rb2+ 30. Kd1 Qd3# 0-1


[Site "https://www.chess.com"]

[Event "Titled Tuesday Blitz August 22 Late 2023"]
[White "Cooper, Aaron"]
[Black "ArchibaldCerveza29"]
[WhiteFideId "2634945"]
[WhiteElo "2260"]
[BlackElo "2448"]
[Result "0-1"]
[Round "5"]
[TimeControl "180+1"]
[Date "2023.08.22"]
[WhiteClock "0:02:05"]
[BlackClock "0:02:38"]
[Board "186"]

1. e4 c5 2. Nf3 d6 3. d4 cxd4 4. Nxd4 Nf6 5. Nc3 Nc6 6. Be2 g6 7. Be3 Bg7 8. O-O O-O 9. h3 Bd7 10. f4 Nxd4 11. Bxd4 Bc6 12. Bf3 b5 13. a3 Nd7 14. Bxg7 Kxg7 15. Qd4+ Kg8 16. Rad1 Qb6 17. e5 dxe5 18. Bxc6 exd4 0-1


[Site "https://www.chess.com"]

[Event "Titled Tuesday Blitz August 22 Late 2023"]
[White "Matthew_Clarke"]
[Black "Manukian, Artak"]
[BlackFideId "13301373"]
[WhiteElo "2239"]
[BlackElo "2406"]
[Result "1-0"]
[Round "5"]
[TimeControl "180+1"]
[Date "2023.08.22"]
[WhiteClock "0:00:06"]
[BlackClock "0:01:29"]
[Board "187"]

1. c4 Nf6 2. Nc3 g6 3. e4 d6 4. d4 Bg7 5. Nf3 O-O 6. Be2 e5 7. O-O Nc6 8. d5 Ne7 9. Ne1 c5 10. Rb1 a5 11. a3 h5 12. b4 axb4 13. axb4 cxb4 14. Rxb4 Nd7 15. Be3 f5 16. f3 f4 17. Bf2 g5 18. Nd3 b6 19. Na4 Ra6 20. Qb1 g4 21. fxg4 hxg4 22. Bxg4 Nf6 23. Bxc8 Nxc8 24. Nxb6 Nxe4 25. Nxc8 Qxc8 26. Be1 Nc5 27. Nxc5 Qxc5+ 28. Bf2 Qa5 29. Rb7 Rf6 30. Bh4 Qc5+ 31. Kh1 Qxc4 32. Bxf6 Qxf1+ 33. Qxf1 Bxf6 34. Qxa6 Be7 35. Rxe7 f3 36. Rb7 f2 37. Qa8# 1-0


[Site "https://www.chess.com"]

[Event "Titled Tuesday Blitz August 22 Late 2023"]
[White "Ochkoos, Jura"]
[Black "BeautiFullMindChess"]
[WhiteFideId "2601214"]
[WhiteElo "2388"]
[BlackElo "2224"]
[Result "1-0"]
[Round "5"]
[TimeControl "180+1"]
[Date "2023.08.22"]
[WhiteClock "0:02:36"]
[BlackClock "0:02:20"]
[Board "188"]

1. e4 e5 2. Nf3 Nf6 3. Nxe5 d6 4. Nxf7 Kxf7 5. d4 Be7 6. Bc4+ d5 7. exd5 Nxd5 8. Qh5+ Ke6 9. Qe5+ Kf7 10. Bxd5+ Kf8 11. Bb3 Nc6 12. Qf4+ Bf6 13. c3 g6 14. O-O h5 15. Nd2 Kg7 16. Ne4 Be7 17. Qf7# 1-0


[Site "https://www.chess.com"]

[Event "Titled Tuesday Blitz August 22 Late 2023"]
[White "Matute Escobar, Roxanny"]
[Black "Haitin, Ilja"]
[WhiteFideId "3926028"]
[BlackFideId "4501764"]
[WhiteElo "2198"]
[BlackElo "2369"]
[Result "0-1"]
[Round "5"]
[TimeControl "180+1"]
[Date "2023.08.22"]
[WhiteClock "0:00:13"]
[BlackClock "0:01:08"]
[Board "189"]

1. e4 e6 2. d4 d5 3. e5 c5 4. c3 Qb6 5. Nf3 Bd7 6. Be2 Bb5 7. O-O Bxe2 8. Qxe2 Nc6 9. dxc5 Bxc5 10. b4 Bf8 11. Nbd2 Nge7 12. Nb3 h5 13. h4 Nf5 14. Bf4 Be7 15. g3 g6 16. a3 O-O 17. Kg2 a6 18. Rac1 Qb5 19. c4 dxc4 20. Rxc4 Rad8 21. Rfc1 Rd5 22. Qe4 Rfd8 23. Nc5 Bxc5 24. Rxc5 Rxc5 25. Rxc5 Qd3 26. Qxd3 Rxd3 27. b5 axb5 28. Rxb5 Rxf3 29. Rxb7 Rxa3 30. Rc7 Nce7 31. Bg5 Nd5 32. Rc8+ Kg7 33. Bc1 Rc3 34. Rxc3 Nxc3 0-1


[Site "https://www.chess.com"]

[Event "Titled Tuesday Blitz August 22 Late 2023"]
[White "Kiseljova, Marya"]
[Black "Fernandez, Maria Florencia"]
[WhiteFideId "4155009"]
[BlackFideId "116459"]
[WhiteElo "2197"]
[BlackElo "2336"]
[Result "0-1"]
[Round "5"]
[TimeControl "180+1"]
[Date "2023.08.22"]
[WhiteClock "0:00:00"]
[BlackClock "0:00:03"]
[Board "190"]

1. d4 Nf6 2. c4 g6 3. Nc3 Bg7 4. e4 d6 5. Be2 O-O 6. Bg5 h6 7. Be3 c5 8. d5 e6 9. Qd2 Kh7 10. h3 exd5 11. exd5 Re8 12. Nf3 Ne4 13. Nxe4 Rxe4 14. O-O Nd7 15. Bd3 Re8 16. Bf4 Ne5 17. Nxe5 dxe5 18. Be3 b6 19. g4 f5 20. gxf5 gxf5 21. f4 e4 22. Be2 Bf6 23. Kh2 Bd7 24. Rg1 Qe7 25. Bh5 Rg8 26. Rxg8 Rxg8 27. Rg1 Rxg1 28. Bxg1 Qg7 29. b3 Bd4 30. Qg2 Qf6 31. Bf2 b5 32. Bh4 Qg7 33. Qxg7+ Kxg7 34. Kg2 bxc4 35. bxc4 Ba4 36. d6 Bd7 37. Kf1 Be3 38. Bg3 Kf6 39. Ke2 Bc1 40. Kd1 Bb2 41. Kc2 Bd4 42. Bh4+ Ke6 43. Be7 Be3 44. Kc3 Bxf4 45. Be2 Bxd6 46. Bh4 Be5+ 47. Kc2 Ba4+ 48. Kd2 Bf4+ 49. Kc3 Ke5 50. Be7 Be3 51. Bf8 Bd4+ 52. Kd2 f4 53. Bxh6 f3 54. Bf1 Bd7 55. Bg7+ Kf4 56. Bh6+ Kg3 57. Be3 Be5 58. Bxc5 Be6 59. Be3 Bxh3 60. Bxh3 Kxh3 61. Ke1 Kg2 0-1


[Site "https://www.chess.com"]

[Event "Titled Tuesday Blitz August 22 Late 2023"]
[White "Quirke, Jeffrey"]
[Black "Almeida Junior, Alvaro Alves de"]
[WhiteFideId "2013029"]
[BlackFideId "2149974"]
[WhiteElo "2161"]
[BlackElo "2317"]
[Result "1-0"]
[Round "5"]
[TimeControl "180+1"]
[Date "2023.08.22"]
[WhiteClock "0:01:55"]
[BlackClock "0:02:12"]
[Board "191"]

1. e4 c5 2. Nc3 e6 3. Nge2 a6 4. g3 Nf6 5. Bg2 Nc6 6. O-O d5 7. exd5 Nxd5 8. Nxd5 exd5 9. d4 Be7 10. Be3 cxd4 11. Nxd4 O-O 12. Nxc6 bxc6 13. c4 Be6 14. cxd5 cxd5 15. Bd4 Bf6 16. Qd2 Rb8 17. b3 Bxd4 18. Qxd4 Qg5 19. h4 Qh5 20. Rac1 a5 21. Rfe1 Rb4 22. Qe5 a4 23. Qxh5 1-0


[Site "https://www.chess.com"]

[Event "Titled Tuesday Blitz August 22 Late 2023"]
[White "Bongo Akanga Ndjila, Barthelemy"]
[Black "kiwibobo"]
[WhiteFideId "10609431"]
[WhiteElo "2038"]
[BlackElo "2307"]
[Result "0-1"]
[Round "5"]
[TimeControl "180+1"]
[Date "2023.08.22"]
[WhiteClock "0:00:04"]
[BlackClock "0:01:52"]
[Board "192"]

1. d4 Nf6 2. c4 g6 3. Nf3 Bg7 4. e3 O-O 5. Bd3 c5 6. O-O cxd4 7. exd4 d5 8. b3 Nc6 9. h3 dxc4 10. Bxc4 b6 11. Bb2 Bb7 12. Nbd2 Na5 13. Bd3 Nd5 14. Re1 e6 15. Rc1 Rc8 16. Rxc8 Qxc8 17. Qb1 Qd7 18. Rc1 Rc8 19. Ne5 Bxe5 20. dxe5 Nf4 21. Rxc8+ Bxc8 22. Ne4 Qxd3 23. Nf6+ Kg7 24. Qc1 Ne2+ 0-1


[Site "https://www.chess.com"]

[Event "Titled Tuesday Blitz August 22 Late 2023"]
[White "Brahami, Lamine"]
[Black "dorpato"]
[WhiteFideId "7905637"]
[WhiteElo "2296"]
[BlackElo "2028"]
[Result "1-0"]
[Round "5"]
[TimeControl "180+1"]
[Date "2023.08.22"]
[WhiteClock "0:00:49"]
[BlackClock "0:00:02"]
[Board "193"]

1. d4 Nf6 2. Nf3 g6 3. c4 d5 4. Nc3 Bg7 5. cxd5 Nxd5 6. e4 Nxc3 7. bxc3 c5 8. Bb5+ Bd7 9. Bxd7+ Qxd7 10. O-O O-O 11. Be3 Nc6 12. Rb1 cxd4 13. cxd4 b6 14. d5 Ne5 15. Nxe5 Bxe5 16. f4 Bg7 17. f5 gxf5 18. Rxf5 Kh8 19. Qf3 e6 20. Rh5 f5 21. dxe6 Qxe6 22. exf5 Qf7 23. Rf1 Rae8 24. Bg5 Bf6 25. Bh6 Rg8 26. Kh1 Qxa2 27. g4 Qf7 28. g5 Bd4 29. Bf8 Rexf8 30. g6 Qf6 31. Rxh7# 1-0


[Site "https://www.chess.com"]

[Event "Titled Tuesday Blitz August 22 Late 2023"]
[White "Adan Bermudez, Sergio"]
[Black "Alfaro, William"]
[WhiteFideId "2292726"]
[BlackFideId "6100457"]
[WhiteElo "1985"]
[BlackElo "2273"]
[Result "1-0"]
[Round "5"]
[TimeControl "180+1"]
[Date "2023.08.22"]
[WhiteClock "0:00:10"]
[BlackClock "0:00:00"]
[Board "194"]

1. d4 Nf6 2. Nc3 d5 3. Bf4 c5 4. e3 cxd4 5. exd4 a6 6. Bd3 Nc6 7. Nf3 Bg4 8. Be2 e6 9. O-O Bd6 10. Ne5 Bxe2 11. Nxe2 O-O 12. c3 Bxe5 13. Bxe5 Ne4 14. Ng3 Nd6 15. Qe2 Nc4 16. Bf4 Qf6 17. b3 Qxf4 18. bxc4 Na5 19. c5 Rac8 20. Rab1 Rc7 21. Nh5 Qg5 22. f4 Qf5 23. g4 Qe4 24. Qxe4 dxe4 25. f5 exf5 26. gxf5 g6 27. Nf6+ Kg7 28. Nxe4 gxf5 29. Rxf5 f6 30. Kf2 Nc4 31. Rg1+ 1-0


[Site "https://www.chess.com"]

[Event "Titled Tuesday Blitz August 22 Late 2023"]
[White "Nakamura, Hikaru"]
[Black "Xiong, Jeffery"]
[WhiteFideId "2016192"]
[BlackFideId "2047640"]
[WhiteElo "3229"]
[BlackElo "3009"]
[Result "1-0"]
[Round "6"]
[TimeControl "180+1"]
[Date "2023.08.22"]
[WhiteClock "0:00:41"]
[BlackClock "0:00:04"]
[Board "1"]

1. Nf3 d5 2. b3 Bf5 3. Ba3 Nf6 4. e3 e6 5. Bxf8 Kxf8 6. c4 Nbd7 7. Nc3 c6 8. d3 h6 9. Be2 Kg8 10. O-O Kh7 11. Nh4 Re8 12. Rc1 Kg8 13. cxd5 Nxd5 14. Nxf5 exf5 15. Nxd5 cxd5 16. Qd2 Nf6 17. Bf3 d4 18. exd4 Qxd4 19. Bxb7 Rad8 20. Rfd1 Ne4 21. Qc2 Nd6 22. Bf3 Rc8 23. Qd2 g6 24. Qxh6 Nb5 25. Rxc8 Rxc8 26. h4 Rc2 27. Qe3 Qxe3 28. fxe3 Nc3 29. Ra1 Nxa2 30. Bd5 Nc1 31. Rxa7 Nxd3 32. Bxf7+ Kh8 33. Bxg6 Ne1 34. Bxf5 1-0


[Site "https://www.chess.com"]

[Event "Titled Tuesday Blitz August 22 Late 2023"]
[White "Van Foreest, Jorden"]
[Black "Sarana, Alexey"]
[WhiteFideId "1039784"]
[BlackFideId "24133795"]
[WhiteElo "3007"]
[BlackElo "3079"]
[Result "0-1"]
[Round "6"]
[TimeControl "180+1"]
[Date "2023.08.22"]
[WhiteClock "0:00:18"]
[BlackClock "0:00:07"]
[Board "2"]

1. Nf3 d5 2. b3 c5 3. e3 Nc6 4. Bb2 a6 5. d4 Nf6 6. Be2 Bg4 7. O-O e6 8. Nbd2 Bd6 9. dxc5 Bxc5 10. a3 O-O 11. b4 Ba7 12. c4 Qe7 13. h3 Bh5 14. Rc1 Rfd8 15. Ne5 Nxe5 16. Bxe5 Bxe2 17. Qxe2 dxc4 18. Nxc4 Rac8 19. Qf3 Nd5 20. Nd6 Rxc1 21. Rxc1 f6 22. Nc8 Qd7 23. Nxa7 fxe5 24. Qe4 b5 25. Nc6 Rc8 26. Qc2 e4 27. Qc5 h6 28. f3 Kh8 29. Rc2 Ne7 30. Qd4 Qe8 31. Nxe7 Rxc2 32. Qd6 exf3 33. gxf3 Rc1+ 34. Kf2 Qf7 35. Qd2 Rh1 36. Kg2 Ra1 37. Qd8+ Kh7 38. Qd3+ g6 39. Nc6 Ra2+ 40. Kg1 Qc7 0-1


[Site "https://www.chess.com"]

[Event "Titled Tuesday Blitz August 22 Late 2023"]
[White "Vasquez Schroeder, Rodrigo"]
[Black "Sadhwani, Raunak"]
[WhiteFideId "3400042"]
[BlackFideId "35093487"]
[WhiteElo "2981"]
[BlackElo "3029"]
[Result "0-1"]
[Round "6"]
[TimeControl "180+1"]
[Date "2023.08.22"]
[WhiteClock "0:00:10"]
[BlackClock "0:00:23"]
[Board "3"]

1. e4 e5 2. Nf3 Nc6 3. Bb5 Nge7 4. O-O Ng6 5. c3 a6 6. Ba4 d5 7. d3 Be7 8. h3 O-O 9. Qe2 b5 10. Bb3 Be6 11. Re1 Qd7 12. Kh2 Rfe8 13. Ng5 Bxg5 14. Bxg5 d4 15. Bc2 h6 16. Bc1 Rad8 17. Rd1 Qd6 18. Kh1 a5 19. a4 dxc3 20. bxc3 b4 21. cxb4 axb4 22. Re1 Nd4 23. Qd2 Nf4 24. Bd1 Qa6 25. Re3 c5 26. g3 Nxh3 27. Kg2 Ng5 28. f4 Nxe4 29. Rxe4 Bd5 30. Kh3 Bxe4 31. dxe4 Qf1+ 32. Kg4 h5+ 33. Kg5 Ne6+ 0-1


[Site "https://www.chess.com"]

[Event "Titled Tuesday Blitz August 22 Late 2023"]
[White "Chigaev, Maksim"]
[Black "Matlakov, Maxim"]
[WhiteFideId "4108116"]
[BlackFideId "4168003"]
[WhiteElo "2967"]
[BlackElo "3016"]
[Result "0-1"]
[Round "6"]
[TimeControl "180+1"]
[Date "2023.08.22"]
[WhiteClock "0:00:22"]
[BlackClock "0:01:23"]
[Board "4"]

1. e4 c5 2. Ne2 e6 3. Nbc3 Nc6 4. d4 cxd4 5. Nxd4 a6 6. a3 Qc7 7. Be3 b5 8. f4 Bb7 9. Qf3 Rc8 10. O-O-O b4 11. axb4 Bxb4 12. Qg3 Nge7 13. Qxg7 Rg8 14. Qxh7 Bxc3 15. bxc3 Nxd4 16. Bxd4 Qxf4+ 17. Rd2 Bxe4 18. Qh3 Nf5 19. Bxa6 Ra8 20. Qh7 Ne7 21. Rf1 Qxf1+ 0-1


[Site "https://www.chess.com"]

[Event "Titled Tuesday Blitz August 22 Late 2023"]
[White "Nihal Sarin"]
[Black "Keymer, Vincent"]
[WhiteFideId "25092340"]
[BlackFideId "12940690"]
[WhiteElo "3154"]
[BlackElo "2974"]
[Result "1-0"]
[Round "6"]
[TimeControl "180+1"]
[Date "2023.08.22"]
[WhiteClock "0:00:10"]
[BlackClock "0:00:00"]
[Board "5"]

1. b4 Nf6 2. Bb2 e6 3. a3 b6 4. Nf3 Bb7 5. g3 c5 6. bxc5 bxc5 7. Bg2 Be7 8. O-O O-O 9. c4 Nc6 10. d3 Rb8 11. Nbd2 d6 12. Rb1 Nd7 13. Bc3 Qc7 14. h4 h6 15. Qa4 Ba8 16. Qc2 Rb6 17. Rxb6 axb6 18. Rb1 Bf6 19. Ne4 Be7 20. Ba1 Rb8 21. Qb2 Bf8 22. Nc3 Nce5 23. Nb5 Qd8 24. Nxe5 dxe5 25. Qd2 Bxg2 26. Kxg2 g6 27. Qe3 Bg7 28. Qf3 Qf8 29. Bc3 h5 30. a4 Ra8 31. Ra1 Ra6 32. a5 bxa5 33. Rxa5 Rxa5 34. Bxa5 Nf6 35. Qc6 Qe8 36. Qb7 Qd7 37. Qa8+ Kh7 38. Bc3 Ng4 39. Bd2 f6 40. f3 Nh6 41. Be3 1-0


[Site "https://www.chess.com"]

[Event "Titled Tuesday Blitz August 22 Late 2023"]
[White "Dubov, Daniil"]
[Black "Nguyen, Ngoc Truong Son"]
[WhiteFideId "24126055"]
[BlackFideId "12401110"]
[WhiteElo "3046"]
[BlackElo "3006"]
[Result "0-1"]
[Round "6"]
[TimeControl "180+1"]
[Date "2023.08.22"]
[WhiteClock "0:00:23"]
[BlackClock "0:02:14"]
[Board "6"]

1. d4 g6 2. Nf3 Bg7 3. e4 d6 4. Nc3 a6 5. Bc4 e6 6. O-O b5 7. Bb3 Bb7 8. d5 e5 9. a4 b4 10. Na2 a5 11. c3 bxc3 12. Nxc3 Nd7 13. Be3 Ngf6 14. Nd2 O-O 15. Rc1 Ba6 16. Bc4 Bxc4 17. Nxc4 h5 18. h3 Kh7 19. Qc2 Bh6 20. Nb5 Bxe3 21. Nxe3 Nc5 22. f3 h4 23. Qf2 Nh5 24. Rxc5 dxc5 25. Nc4 f5 26. Qe1 fxe4 27. fxe4 Ng3 28. Rxf8 Qxf8 29. Nxc7 Rb8 30. Ne6 Qf6 31. Nxc5 Rf8 32. Ne3 Qb6 33. Nd7 Qxe3+ 34. Qxe3 Rf1+ 35. Kh2 Rh1# 0-1


[Site "https://www.chess.com"]